 Dungeon Crawl Stone Soup version 0.20-a0-903-g7e3609c (webtiles) character file.

117 Wendigo the Slasher (level 4, -1/60 HPs)
             Began as a Draconian Berserker on Mar 20, 2017.
             Was a Believer of Trog.
             Slain by an iguana (12 damage)
             ... on level 4 of the Dungeon.
             The game lasted 00:04:09 (2173 turns).

Wendigo the Slasher (Draconian Berserker)           Turns: 2173, Time: 00:04:09

Health: -1/60      AC:  5    Str: 24    XL:     4   Next: 71%
Magic:  4/4        EV: 13    Int:  9    God:    Trog [**....]
Gold:   138        SH:  0    Dex: 10    Spells: 3/3 levels left

rFire    . . .     SeeInvis .   a - +0 falchion
rCold    . . .     Gourm    .   (armour unavailable)
rNeg     . . .     Faith    .   (no shield)
rPois    .         Spirit   .   (helmet restricted)
rElec    .         Reflect  .   (no cloak)
rCorr    .         Harm     .   (no gloves)
MR       .....                  (no boots)
Stlth    ..........             (no amulet)
Regen    0.2/turn               (no ring)
MPRegen  0.1/turn               (no ring)

@: berserking, very quick
A: unfitting armour, cold-blooded, AC +5
a: Berserk, Trog's Hand, Burn Spellbooks, Renounce Religion


You were on level 4 of the Dungeon.
You worshipped Trog.
Trog was pleased with you.
You were very hungry.

You visited 1 branch of the dungeon, and saw 4 of its levels.

You collected 138 gold pieces.

Inventory:

Hand Weapons
 a - a +0 falchion (weapon)
Wands
 c - a wand of polymorph (11/24)
Scrolls
 d - a scroll of immolation {unknown}
 e - a scroll of random uselessness {unknown}
 h - a scroll of fear {unknown}
 j - 2 scrolls of remove curse {unknown}
 l - a scroll of enchant armour {unknown}
 n - 2 scrolls of teleportation {unknown}
 o - a scroll of noise {unknown}
 q - 3 scrolls of identify {unknown}
 r - 2 scrolls of recharging {unknown}
 t - a scroll of enchant weapon {unknown}
Potions
 f - 3 potions of curing {unknown}
 g - 2 potions of invisibility {unknown}
 i - 2 potions of agility {unknown}
 p - 3 potions of flight {unknown}
 s - a potion of resistance {unknown}
 u - a potion of lignification {unknown}
Comestibles
 b - 3 bread rations
 k - 2 royal jellies
 m - 2 meat rations
 v - a chunk of flesh


   Skills:
 + Level 4.1 Fighting
 * Level 4.4 Long Blades
 + Level 3.4 Dodging


You had 3 spell levels left.
You didn't know any spells.

Dungeon Overview and Level Annotations

Branches:
Dungeon (4/15)
 Temple: D:4-7

Altars:


Innate Abilities, Weirdness & Mutations

Your plain brown scales are hard. (AC +5)
You cannot fit into any form of body armour.
You are cold-blooded and may be slowed by cold attacks.


Message History

The iguana bites you.
You barely miss the iguana.
You tail-slap the iguana, but do no damage.
The iguana is lightly wounded.
The iguana misses you.
You hit the iguana but do no damage.
The iguana is lightly wounded.
The iguana bites you! The iguana bites you.
Okay, then.
A red film seems to cover your vision as you go berserk!
You feel yourself moving faster!
You feel mighty!
You are feeling very hungry.
The iguana bites you!
* * * LOW HITPOINT WARNING * * *
You barely miss the iguana. You tail-slap the iguana.
The iguana is heavily wounded.
You hit the iguana.
The iguana is severely wounded.
The iguana bites you!
You die...

######..# #.......##
#........### #..........#
#......#...# ###'#####..#
. #.##.....##+####...
#.##+###...........
.######.#...##..@l.......
#.......#...##...........
######..#...###.#+####...
###..##<....... .
#..........#.#.
#######.##.#.. ...# ##.
.### ..


You could see an iguana.

Vanquished Creatures
  Terence (D:3)
  A hound skeleton (D:4)
  3 adders (D:2)
  A gnoll (D:1)
  An ooze (D:1)
  3 leopard geckos (D:2)
  A giant cockroach (D:2)
  3 goblins
  9 hobgoblins
  4 bats
  6 frilled lizards
  6 kobolds
  2 rats (D:1)
41 creatures vanquished.

Notes
Turn   | Place    | Note
-------+----------+-------------------------------------------
     0 | D:1      | Wendigo the Draconian Berserker began the quest for the Orb.
     0 | D:1      | Reached XP level 1. HP: 19/19 MP: 1/1
    14 | D:1      | Reached XP level 2. HP: 13/26 MP: 2/2
   760 | D:1      | Reached XP level 3. HP: 31/31 MP: 3/3
  1123 | D:2      | Reached ** piety under Trog
  1317 | D:2      | Reached XP level 4. HP: 38/40 MP: 4/4
  1749 | D:3      | Noticed Terence
  1752 | D:3      | Killed Terence
  2173 | D:4      | Slain by an iguana

Vault maps used:
D:1:      scummos_arrival_hexagon, glass_columns_a
D:3:      hex_tiny, uniq_terence
D:4:      gammafunk_temple_overflow_pools, first_bread

Skill      XL: |  1  2  3  4 |
---------------+-------------+-----
Dodging        | 3 |  3.4
Long Blades    | 4 |  4.4
Fighting       | 4 |  4.1

Action                   |  1- 3 |  4- 6 || total
-------------------------+-------+-------++-------
Melee: Falchion          |    87 |    23 ||   110
       Tailslap          |     9 |     5 ||    14
Invok: Berserk           |       |     2 ||     2
 Stab: Sleeping          |     1 |       ||     1
  Eat: Chunk             |     1 |     4 ||     5
Armor: Skin              |    24 |     2 ||    26
Dodge: Dodged            |    54 |    11 ||    65
       Rpst.: Falchion   |    17 |     2 ||    19
